 Dungeon Crawl Stone Soup version 0.25-a0-105-g2289b3b9f1 (webtiles) character file.

Game seed: 11338464209396560885, levelgen mode: deterministic

201393 mortelune the Zephyrmancer (level 17, -19/139 HPs)
             Began as a Demonspawn Wanderer on Nov 16, 2019.
             Was the Champion of Vehumet.
             Hit by a large rock thrown by Polyphemus (43 damage)
             ... on level 3 of the Shoals.
             The game lasted 02:49:17 (50662 turns).

mortelune the Zephyrmancer (Demonspawn Wanderer)   Turns: 50662, Time: 02:49:18

Health: -19/139    AC: 19    Str: 13    XL:     17   Next: 91%
Magic:  42/42      EV: 33    Int: 31    God:    Vehumet [******]
Gold:   443        SH:  0    Dex: 18    Spells: 3/40 levels left

rFire    . . .     SeeInvis +   c - +5 spear "Mecaysk" {pierce, rC+ Int+8}
rCold    + + .     Gourm    .   (no shield)
rNeg     . . .     Faith    .   l - +0 steam dragon scales
rPois    +         Spirit   .   J - +2 hat
rElec    +         Reflect  .   R - +1 cloak {rPois}
rCorr    .         Harm     .   L - +0 pair of gloves of Midnight {Int+4}
MR       +....                  n - +2 pair of boots "Wilaotu" {rElec Regen+ Int-2 SInv}
Stlth    ++........             N - amulet of the acrobat
HPRegen  0.73/turn              W - ring "Igutwin" {rC+ MP+9 Dex+6}
MPRegen  0.28/turn              F - +4 ring of slaying

@: acrobat
A: horns 1, yellow scales 2, powered by pain 3, spiny 3
}: 1/15 runes: gossamer
a: Renounce Religion


You were on level 3 of the Shoals.
You worshipped Vehumet.
Vehumet was exalted by your worship.
You were very hungry.

You visited 5 branches of the dungeon, and saw 30 of its levels.
You visited 1 bazaar.
You also visited: Sewer.

You collected 3055 gold pieces.
You spent 2612 gold pieces at shops.

Inventory:

Hand Weapons
 a - the +0 glaive of Ironean {chop, rC+ MR+}
   (You found it on level 6 of the Lair of Beasts)

   It inflicts extra damage upon your enemies.
   It protects you from cold.
   It affects your resistance to hostile enchantments.
 c - the +5 spear "Mecaysk" (weapon) {pierce, rC+ Int+8}
   (You took it off an orc warrior on level 9 of the Dungeon)

   It inflicts extra damage upon your enemies.
   It affects your intelligence (+8).
   It protects you from cold.
 S - a +0 demon trident of electrocution
Armour
 l - +0 steam dragon scales (worn)
 n - the +2 pair of boots "Wilaotu" (worn) {rElec Regen+ Int-2 SInv}
   (You acquired it on level 13 of the Dungeon)

   It affects your intelligence (-2).
   It insulates you from electricity.
   It lets you see invisible.
   It increases your rate of regeneration.
 A - a +1 buckler of fire resistance
 G - a scarf of repulsion
 H - the +3 pair of gauntlets of War {Slay+5}
   (You bought it in a shop on level 1 of the Shoals)

   It affects your accuracy and damage with ranged weapons and melee attacks
   (+5).
 J - a +2 hat (worn)
 L - the +0 pair of gloves of Midnight (worn) {Int+4}
   (You bought it in a shop on level 2 of the Orcish Mines)

   It affects your intelligence (+4).
 R - a +1 cloak of poison resistance (worn)
Jewellery
 k - an uncursed ring of resist corrosion
 p - an uncursed ring of positive energy
 y - an uncursed ring of protection from cold
 F - a +4 ring of slaying (right hand)
 N - an amulet of the acrobat (around neck)
 T - an uncursed ring of ice
 V - an uncursed ring of wizardry
 W - the ring "Igutwin" (left hand) {rC+ MP+9 Dex+6}
   (You took it off a centaur on level 13 of the Dungeon)

   [ring of magical power]

   It affects your dexterity (+6).
   It protects you from cold.
   It affects your magic capacity (+9).
 Z - the ring of Salvation {Fire Slay+3}
   (You bought it in a shop in a bazaar)

   [ring of fire]

   It enhances your fire magic.
   It affects your accuracy and damage with ranged weapons and melee attacks
   (+3).
   It protects you from fire.
   It makes you vulnerable to cold.
Wands
 m - a wand of clouds (6)
 t - a wand of digging (5)
 O - a wand of acid (26)
Scrolls
 d - 5 scrolls of fog
 g - 9 scrolls of remove curse
 h - 5 scrolls of blinking
 i - a scroll of summoning
 q - a scroll of silence
 r - 2 scrolls of amnesia
 v - 2 scrolls of vulnerability
 w - 10 scrolls of enchant armour
 C - 3 scrolls of brand weapon
 E - 3 scrolls of teleportation
 I - a scroll of fear
 K - 5 scrolls of enchant weapon
 Q - 4 scrolls of immolation
 U - 6 scrolls of identify
 X - 6 scrolls of noise
Potions
 b - 3 potions of curing
 e - 7 potions of brilliance
 j - 5 potions of berserk rage
 o - 3 potions of mutation
 s - 2 potions of lignification
 u - a potion of invisibility
 x - a potion of agility
 z - 2 potions of flight
 B - 4 potions of might
 D - 7 potions of haste
 M - a potion of magic
 P - 3 potions of cancellation
 Y - 2 potions of ambrosia
Comestibles
 f - 21 rations


   Skills:
 - Level 14.0 Fighting
 - Level 12.0 Polearms
 - Level 1.0 Throwing
 - Level 9.0 Armour
 - Level 7.7 Dodging
 - Level 12.0 Spellcasting
 - Level 14.0 Conjurations
   Level 1.0 Charms
   Level 2.1 Necromancy
 * Level 14.1 Air Magic
 - Level 1.0 Evocations


You had 3 spell levels left.
You knew the following spells:

 Your Spells              Type           Power        Failure   Level  Hunger
a - Magic Dart            Conj           ####         0%          1    None
b - Fireball              Conj/Fire      ######....   1%          5    ##.....
c - Blink                 Tloc           N/A          4%          2    None
d - Conjure Flame         Conj/Fire      ######..     1%          3    None
e - Mephitic Cloud        Conj/Pois/Air  ######..     1%          3    None
f - Summon Lightning Spi  Summ/Air       ######..     1%          4    None
g - Summon Ice Beast      Ice/Summ       ###.....     26%         4    None
h - Lightning Bolt        Conj/Air       #######...   1%          5    ##.....
q - Conjure Ball Lightni  Conj/Air       #######...   1%          6    ####...
s - Airstrike             Air            #######...   1%          4    None

Your spell library contained the following spells:

 Spells                   Type           Power        Failure   Level  Hunger
 Chain Lightning          Conj/Air       #######...   16%         8    #######
 Lehudib's Crystal Spear  Conj/Erth      ######....   90%         8    #######
 Glaciate                 Conj/Ice       ######....   100%        9    #######
 Shock                    Conj/Air       ####         0%          1    None
 Animate Skeleton         Necr           N/A          1%          1    None
 Freeze                   Ice            ###.         1%          1    None
 Infusion                 Chrm           ###.         1%          1    None
 Pain                     Necr           ####         1%          1    None
 Sting                    Conj/Pois      ####         1%          1    None
 Poisonous Vapours        Pois/Air       ######       1%          2    None
 Swiftness                Chrm/Air       ######..     1%          2    None
 Throw Frost              Conj/Ice       ######       1%          2    None
 Static Discharge         Conj/Air       #######.     1%          3    None
 Apportation              Tloc           ###...       2%          1    None
 Confusing Touch          Hex            ###...       2%          1    None
 Summon Small Mammal      Summ           ###.         2%          1    None
 Song of Slaying          Chrm           ###.....     2%          2    None
 Shroud of Golubria       Chrm/Tloc      ###...       3%          2    None
 Vampiric Draining        Necr           ####......   3%          3    None
 Call Imp                 Summ           ###.....     4%          2    None
 Slow                     Hex            ###.....     4%          2    None
 Regeneration             Chrm/Necr      ####......   4%          3    None
 Ozocubu's Armour         Chrm/Ice       ###.....     6%          3    None
 Spectral Weapon          Hex/Chrm       ###.....     6%          3    None
 Call Canine Familiar     Summ           ###.....     8%          3    None
 Confuse                  Hex            ###.....     8%          3    None
 Gell's Gravitas          Tloc           ###.......   8%          3    None
 Portal Projectile        Hex/Tloc       ###...       8%          3    None
 Recall                   Summ/Tloc      N/A          8%          3    None
 Summon Guardian Golem    Hex/Summ       ###.....     8%          3    None
 Force Lance              Conj/Tloc      ######..     1%          4    None
 Throw Icicle             Conj/Ice       ######..     1%          4    None
 Venom Bolt               Conj/Pois      ######....   1%          5    ##.....
 Bolt of Magma            Conj/Fire/Erth #####.....   3%          5    ##.....
 Silence                  Hex/Air        ######....   4%          5    ##.....
 Iron Shot                Conj/Erth      ######....   6%          6    ####...
 Olgreb's Toxic Radiance  Pois           ###.....     7%          4    None
 Animate Dead             Necr           N/A          11%         4    None
 Yara's Violent Unravell  Hex/Tmut       ###.......   19%         5    ##.....
 Deflect Missiles         Chrm/Air       ######....   19%         6    ####...
 Leda's Liquefaction      Hex/Erth       ###.......   26%         4    None
 Petrify                  Tmut/Erth      ###.....     26%         4    None
 Aura of Abjuration       Summ           ###.......   58%         5    ##.....
 Metabolic Englaciation   Hex/Ice        ###.......   58%         5    ##.....
 Summon Demon             Summ           ###.......   58%         5    ##.....
 Summon Forest            Summ/Tloc      ###.......   58%         5    ##.....
 Summon Mana Viper        Hex/Summ       ###.....     58%         5    ##.....
 Tornado                  Air            #######...   87%         9    #######
 Dispersal                Tloc           ###.......   99%         6    ####...
 Shadow Creatures         Summ           N/A          99%         6    ####...
 Statue Form              Tmut/Erth      ###......    99%         6    ####...
 Controlled Blink         Tloc           N/A          100%        8    #######
 Disjunction              Tloc           ###.......   100%        8    #######
 Shatter                  Erth           ###.......   100%        9    #######


Dungeon Overview and Level Annotations

Branches:
Dungeon (15/15)            Temple (0/1) D:6            Lair (6/6) D:9
 Shoals (3/4) Lair:3       Spider (4/4) Lair:3        Slime (0/5) Lair:5
    Orc (2/2) D:10            Elf (0/3) Orc:2        Vaults (0/5) D:14
 Depths (0/5) D:15          Sewer (visited)

Altars:
Dithmenos
Elyvilon
Fedhas
Kikubaaqudgha
Nemelex Xobeh
Okawaru
Qazlal
Ru
Sif Muna
Trog
Uskayaw
Vehumet
The Shining One
Beogh
Jiyva

Shops:
D:6 =   D:9 !   Orc:1 [   Orc:2 (}[!?   Shoals:1 [

Portals:
Pandemonium: Orc:2

Annotations:
D:2 Sigmund
D:3 3 runed translucent doors, bmj180's ghost, amateur HOFi
Lair:4 1 runed translucent door, Bemoimo's ghost, journeyman DDEE
Lair:5 2 transporters, Jeis's ghost, journeyman CeWr
Shoals:3 3 runed translucent doors, Bomoishrouc's ghost, journeyman GnSk; Polyphemus


Innate Abilities, Weirdness & Mutations

You have a pair of small horns on your head.
You are mostly covered in yellow scales. (AC +3)
You are powered by pain.
You are completely covered in sharp spines.


Message History

Your ice beast disappears in a puff of smoke!
Polyphemus drinks a potion.
Polyphemus suddenly seems more resistant.
Your ice beast hits Polyphemus but does no damage.
Casting: Lightning Bolt (safe; 1% risk of failure)
Confirm with . or Enter, or press ? or * to list all spells.
Aiming: Lightning Bolt (safe; 1% risk of failure)
Press: ? - help, Shift-Dir - straight line, f/p - Polyphemus
Aim: Polyphemus (moderately wounded, unusually resistant)
You hear a mighty clap of thunder!
The bolt of lightning hits Polyphemus!
Polyphemus resists.
Polyphemus is moderately wounded.
Polyphemus is struck by your spines. Polyphemus hits you!!
* * * LOW HITPOINT WARNING * * *
You focus on the pain.
You feel your power returning. Polyphemus hits you but does no damage.
Your ice beast hits Polyphemus.
Your ice beast freezes Polyphemus.
Polyphemus resists.
Your ice beast hits Polyphemus but does no damage.
Polyphemus throws a large rock.
The large rock hits you!!!
You die...

#######......^..≈≈≈......###
....Ck#........≈≈≈≈≈...≈≈...
"###.W#.......≈≈≈≈≈≈≈...≈.≈≈
?###Hm+......≈≈≈≈≈≈≈≈†≈≈≈...
!....H+......≈≈≈§§≈≈≈≈.≈≈≈..
)###mS+.....≈≈≈≈YY≈[≈†≈≈≈≈..
$###≈≈#.....≈≈≈≈YC...≈≈≈≈≈≈.
≈≈S≈≈.#.....≈≈≈≈.##...≈≈≈≈≈≈
#######.....≈≈≈.@###..≈≈≈≈≈≈
............≈≈≈..# #..≈≈≈≈≈≈
......≈.....≈≈≈..# #..≈≈≈≈..
.≈.##.≈..#..≈≈≈... ..≈≈≈≈≈..
≈≈≈≈≈≈≈≈...≈≈≈≈≈≈. .≈≈≈≈≈C.#
≈≈≈≈≈≈≈≈≈≈≈≈≈≈≈≈≈≈≈ ≈≈≈≈≈..
≈≈≈≈≈≈≈≈≈≈≈≈≈≈≈≈≈≈≈
.<≈≈≈≈≈≈≈≈≈≈≈≈≈≈≈≈≈≈
..≈≈≈≈≈≈≈≈≈≈≈≈


You could see Polyphemus and 3 friendly ice beasts.

Vanquished Creatures
  Arachne (Spider:4)
  Jorgrun (Spider:2)
  Kirke (Spider:3)
  Donald (Shoals:3)
  Roxanne (Spider:4)
  3 ghost moths
  3 emperor scorpions
  4 entropy weavers
  2 spark wasps (Spider:4)
  2 merfolk impalers (Shoals:2)
  Erolcha (D:13)
  An ice dragon (D:12)
  6 hydras
  Fannar (Lair:2)
  2 centaur warriors
  A merfolk aquamancer (Shoals:1)
  2 merfolk avatars
  12 two-headed ogres
  A death knight (D:14)
  3 ogre magi
  A deep troll earth mage (D:12)
  A tengu warrior (D:15)
  8 orc high priests (Orc:2)
  Nergalle (Lair:2)
  2 gelid demonspawn (Orc:2)
  5 unseen horrors
  An infernal demonspawn (Orc:2)
  6 sea snakes
  A sixfirhy (Orc:2)
  2 skeletal warriors
  5 orc knights
  13 harpies
  A wolf spider zombie (D:15)
  A wizard (D:15)
  2 necromancers (D:14)
  21 orb spiders
  A phantasmal warrior (D:14)
  10 manticores
  18 wolf spiders
  6 orc sorcerers
  2 deep elf magi
  4 fauns
  5 ugly things
  3 cyclopes
  12 elephants
  A rust devil (Orc:2)
  5 merfolk sirens
  2 moths of wrath
  Maurice (D:13)
  2 torpor snails
  A water nymph (Shoals:2)
  8 spiny frogs
  2 naga magi (D:15)
  A guardian serpent (D:10)
  4 gargoyles
  2 rime drakes
  2 kobold demonologists
  A smoke demon (Orc:2)
  A freezing wraith (D:14)
  11 demonic crawlers
  10 komodo dragons
  14 merfolk
  2 ice devils (Orc:2)
  A tengu conjurer (D:15)
  5 trolls
  3 meliai (D:15)
  35 jumping spiders
  11 hornets
  4 wind drakes
  A slime creature (D:12)
  3 dream sheep
  5 snapping turtles
  11 hippogriffs
  15 blink frogs
  95 redbacks
  A vampire (D:15)
  A wyvern (D:15)
  34 yaks
  3 water elementals
  30 tarantellas
  7 hogs (Spider:3)
  A wraith (D:12)
  A basilisk (Lair:6)
  21 humans (D:14)
  A chaos spawn (Orc:2)
  2 vampire mosquitoes (D:13)
  A steam dragon (D:11)
  2 wargs (Orc:2)
  A warg (shapeshifter) (D:15)
  2 acid dragons
  8 water moccasins
  3 ice beasts
  6 porcupines
  2 black bears
  Purgy (Sewer)
  A necrophage (D:8)
  27 orc warriors
  6 phantoms
  2 eyes of draining
  2 sky beasts
  16 ogres
  10 centaurs
  8 crocodiles
  16 bullfrogs
  Dowan (D:7)
  A scorpion (D:7)
  8 killer bees
  A troll zombie (D:10)
  4 electric eels
  7 crimson imps
  5 bullfrog zombies
  4 howler monkeys
  4 centaur zombies
  3 jellies
  A quasit (D:15)
  3 hounds
  18 orc priests
  A gnoll shaman (D:9)
  9 orc wizards
  A bullfrog skeleton (D:11)
  8 centaur skeletons
  3 iguanas
  7 worker ants
  5 ogre zombies (D:10)
  2 hound zombies
  3 hound skeletons
  2 worker ant zombies
  19 adders
  3 gnolls (D:9)
  2 shadow imps (D:15)
  2 oozes
  2 adder zombies
  2 adder skeletons
  5 worms
  2 dart slugs (D:2)
  3 leopard geckos
  65 orcs
  3 giant cockroaches
  10 hobgoblins
  6 jackals
  10 kobolds
  A ball python (D:1)
  10 bats
  7 goblins
  A goblin skeleton (D:10)
  2 goblin zombies (D:10)
  A hobgoblin skeleton (D:10)
  An orc skeleton (D:10)
  13 orc zombies (D:10)
  3 quokka skeletons
  7 rats
  A fungus (Lair:1)
  16 plants
954 creatures vanquished.

Vanquished Creatures (collateral kills)
  Rupert (D:13)
  Gastronok (Lair:1)
  Aizul (Spider:4)
  A merfolk javelineer (Shoals:2)
  6 hydras
  A vault guard (D:14)
  A centaur warrior (D:13)
  A merfolk aquamancer (Shoals:2)
  2 two-headed ogres (D:15)
  3 sea snakes
  A torturous demonspawn (Orc:2)
  A harpy (Shoals:1)
  A harpy (shapeshifter) (D:14)
  A wolf spider (Spider:2)
  An ugly thing (D:12)
  An orb spider (Spider:4)
  An orc knight (Orc:2)
  2 cyclopes
  A faun (Shoals:1)
  An orc sorcerer (Orc:1)
  6 elephants
  2 manticores
  A moth of wrath (Spider:4)
  2 black mambas
  2 merfolk sirens
  A centaur skeleton (D:13)
  6 spiny frogs
  4 komodo dragons
  5 jumping spiders
  2 merfolk (Shoals:2)
  2 hornets
  2 trolls
  5 blink frogs
  2 dream sheep (Lair:5)
  2 snapping turtles (Shoals:2)
  2 hippogriffs
  A wraith (D:14)
  13 yaks
  A wyvern (D:10)
  4 redbacks
  A tarantella (Spider:2)
  A human (D:14)
  2 hungry ghosts
  3 vampire mosquitoes (D:13)
  A warg (Orc:1)
  3 porcupines
  5 water moccasins
  9 orc warriors
  2 ice beasts (D:13)
  2 ogres (D:15)
  4 crocodiles
  5 centaurs
  A bullfrog (Lair:4)
  2 scorpions
  3 killer bees (D:8)
  A howler monkey (D:8)
  A crimson imp (D:11)
  A quasit (D:11)
  A jelly (D:5)
  3 orc priests
  3 orc wizards
  A worker ant (D:7)
  An iguana (D:10)
  Robin (D:2)
  3 adders (Lair:2)
  2 gnolls (D:9)
  A leopard gecko (D:8)
  24 orcs
  A kobold (D:1)
  2 goblins (D:2)
  A hobgoblin skeleton (D:10)
  A rat (D:2)
  A butterfly (Lair:4)
  2 fungi
189 creatures vanquished.

Vanquished Creatures (others)
  Harold (D:9)
  A merfolk aquamancer (Shoals:2)
  273 ball lightnings
  An orc priest (D:13)
  2 orcs (D:13)
  8 bushes (D:15)
  30 fungi
  28 plants
344 creatures vanquished.

Grand Total: 1487 creatures vanquished

Notes
Turn   | Place    | Note
-------+----------+-------------------------------------------
     0 | D:1      | mortelune the Demonspawn Wanderer began the quest for the
                  | Orb.
     0 | D:1      | mortelune set off with the following items: a +0 club, 2
                  | potions of curing, a +0 robe, a ration; and the following
                  | spell memorised: Magic Dart; and the following spells
                  | available to memorise: Blink, Call Imp, Slow, Conjure
                  | Flame, Mephitic Cloud
     0 | D:1      | Reached XP level 1. HP: 13/13 MP: 6/6
   370 | D:1      | Reached skill level 1 in Conjurations
   481 | D:1      | Gained mutation: You are partially covered in yellow
                  | scales. (AC +2) [demonic ancestry]
   481 | D:1      | Reached XP level 2. HP: 20/20 MP: 5/8
   613 | D:1      | Learned a level 2 spell: Call Imp
   616 | D:1      | Learned a level 2 spell: Blink
   627 | D:1      | Reached skill level 1 in Fighting
  1378 | D:2      | Gained mutation: You are mostly covered in yellow scales.
                  | (AC +3) [demonic ancestry]
  1378 | D:2      | Reached XP level 3. HP: 26/26 MP: 4/9
  1448 | D:2      | Noticed Robin
  1537 | D:2      | Killed Robin
  1859 | D:2      | Gained mutation: You are partially covered in sharp spines.
                  | [demonic ancestry]
  1859 | D:2      | Reached XP level 4. HP: 30/33 MP: 0/11
  2030 | D:2      | Learned a level 3 spell: Conjure Flame
  2034 | D:2      | Learned a level 3 spell: Mephitic Cloud
  2343 | D:2      | Noticed Sigmund
  2688 | D:3      | Found a runed translucent gate.
  2688 | D:3      | Found a runed translucent gate.
  2688 | D:3      | Found a runed translucent gate.
  2707 | D:3      | Noticed bmj180's ghost (amateur HOFi)
  3199 | D:4      | Reached XP level 5. HP: 23/39 MP: 1/12
  3311 | D:4      | Found a glowing drain.
  3322 | Sewer    | Entered a sewer
  3422 | Sewer    | Noticed Purgy
  3434 | Sewer    | Killed Purgy
  3705 | D:4      | Reached XP level 6. HP: 46/47 MP: 13/13
  4319 | D:4      | Reached skill level 5 in Conjurations
  4319 | D:4      | Reached skill level 1 in Air Magic
  4839 | D:5      | Entered Level 5 of the Dungeon
  4906 | D:5      | Gained mutation: You are mostly covered in sharp spines.
                  | [demonic ancestry]
  4906 | D:5      | Reached XP level 7. HP: 52/52 MP: 14/14
  5008 | D:5      | Learned a level 4 spell: Summon Lightning Spire
  5682 | D:6      | Found a shimmering blue altar of Sif Muna.
  5753 | D:6      | Found a shadowy altar of Dithmenos.
  5756 | D:6      | Found an iron altar of Okawaru.
  5761 | D:6      | Found a blossoming altar of Fedhas.
  5764 | D:6      | Found a stormy altar of Qazlal.
  5786 | D:6      | Found a staircase to the Ecumenical Temple.
  5991 | D:6      | Found a sparkling altar of Nemelex Xobeh.
  6196 | D:6      | Reached XP level 8. HP: 61/61 MP: 16/16
  6197 | D:6      | Found Jeocal's Jewellery Emporium.
  6400 | D:7      | Noticed Dowan
  6407 | D:7      | Killed Dowan
  6731 | D:7      | Found a hide-covered altar of Uskayaw.
  6858 | D:7      | Reached skill level 5 in Fighting
  6998 | D:7      | Found a glowing golden altar of the Shining One.
  7439 | D:8      | Noticed a hippogriff
  7453 | D:8      | Killed a hippogriff
  7636 | D:8      | Gained mutation: You sometimes gain a little power by
                  | taking damage. [demonic ancestry]
  7636 | D:8      | Reached XP level 9. HP: 68/68 MP: 18/18
  7865 | D:8      | Found an ancient bone altar of Kikubaaqudgha.
  8051 | D:8      | Found a radiant altar of Vehumet.
  8538 | D:8      | Became a worshipper of Vehumet
  8587 | D:9      | Got a bloodstained ring mail
  8599 | D:9      | Identified the cursed +0 ring mail of the Moon {SInv} (You
                  | found it on level 9 of the Dungeon)
  8625 | D:9      | Identified the +5 spear "Mecaysk" {pierce, rC+ Int+8}
  8770 | D:9      | Found Behifadgh's Distillery.
  8773 | D:9      | Bought a potion of haste for 170 gold pieces
  8773 | D:9      | Bought a potion of magic for 136 gold pieces
  8773 | D:9      | Bought a potion of flight for 51 gold pieces
  8773 | D:9      | Bought a potion of might for 68 gold pieces
  8975 | D:9      | Found a staircase to the Lair.
  9102 | D:9      | Noticed Harold
  9157 | D:9      | Killed Harold
  9157 | D:9      | Reached skill level 5 in Air Magic
  9165 | D:9      | Reached XP level 10. HP: 12/77 MP: 4/21
  9813 | D:8      | Learned a level 6 spell: Conjure Ball Lightning
 10193 | D:9      | Found a blossoming altar of Fedhas.
 10506 | D:10     | Entered Level 10 of the Dungeon
 10766 | D:10     | Reached skill level 10 in Conjurations
 10838 | D:10     | Reached * piety under Vehumet
 10838 | D:10     | Offered knowledge of Flame Tongue by Vehumet.
 10885 | D:10     | Noticed a guardian serpent
 10897 | D:10     | Killed a guardian serpent
 12074 | D:10     | Reached skill level 1 in Dodging
 12353 | D:10     | Found a staircase to the Orcish Mines.
 12375 | D:10     | Gained mutation: You have a pair of small horns on your
                  | head. [demonic ancestry]
 12375 | D:10     | Reached XP level 11. HP: 86/86 MP: 7/23
 12821 | D:10     | Reached ** piety under Vehumet
 12867 | D:10     | Offered knowledge of Throw Flame by Vehumet.
 14393 | Lair:1   | Entered Level 1 of the Lair of Beasts
 14764 | Lair:1   | Offered knowledge of Dazzling Spray by Vehumet.
 15227 | Lair:1   | Noticed Gastronok
 15604 | Lair:1   | Found a sacrificial altar of Ru.
 15750 | Lair:2   | Noticed Fannar
 16119 | Lair:2   | Learned a level 4 spell: Summon Ice Beast
 16187 | Lair:2   | Found a white marble altar of Elyvilon.
 16654 | Lair:2   | Noticed Nergalle
 16674 | Lair:2   | Killed Nergalle
 16674 | Lair:2   | Reached *** piety under Vehumet
 16993 | Lair:2   | Killed Fannar
 17339 | Lair:2   | Noticed a wolf spider
 17351 | Lair:2   | Killed a wolf spider
 17753 | Lair:2   | Paralysed by a hornet for 1 turns
 18290 | Lair:3   | Reached XP level 12. HP: 92/94 MP: 15/25
 18661 | Lair:3   | Noticed a five-headed hydra
 18676 | Lair:3   | Killed a five-headed hydra
 18915 | Lair:3   | Noticed a seven-headed hydra
 18923 | Lair:3   | Killed a seven-headed hydra
 19129 | Lair:3   | Found a staircase to the Shoals.
 19149 | Lair:3   | Offered knowledge of Inner Flame by Vehumet.
 19535 | Lair:3   | Found a hole to the Spider Nest.
 20353 | Lair:4   | Found a runed translucent door.
 20353 | Lair:4   | Noticed Bemoimo's ghost (journeyman DDEE)
 20696 | Lair:4   | Noticed a seven-headed hydra
 20706 | Lair:4   | Killed a seven-headed hydra
 20974 | Lair:4   | Reached **** piety under Vehumet
 21116 | Lair:4   | Offered knowledge of Airstrike by Vehumet.
 21122 | Lair:4   | Learned a level 4 spell: Airstrike
 21563 | Lair:4   | Reached skill level 5 in Dodging
 21843 | Lair:5   | Noticed a six-headed hydra
 22026 | Lair:5   | Killed a six-headed hydra
 22928 | Lair:5   | Noticed a six-headed hydra
 22937 | Lair:5   | Killed a six-headed hydra
 22982 | Lair:5   | Gained mutation: You sometimes gain power by taking damage.
                  | [demonic ancestry]
 22982 | Lair:5   | Reached XP level 13. HP: 69/103 MP: 19/26
 23123 | Lair:4   | Reached skill level 10 in Spellcasting
 23689 | Lair:5   | Found a transporter.
 23767 | Lair:5   | Noticed Jeis's ghost (journeyman CeWr)
 23767 | Lair:5   | Identified the +6 demon trident of Qatec {vamp, Int+2
                  | Stlth+}
 23769 | Lair:5   | Found a bloodstained altar of Trog.
 23785 | Lair:5   | Found a transporter.
 24076 | Lair:5   | Reached skill level 10 in Fighting
 24100 | Lair:5   | Found a viscous altar of Jiyva.
 24101 | Lair:5   | Found a staircase to the Slime Pits.
 24284 | Lair:6   | Entered Level 6 of the Lair of Beasts
 24319 | Lair:6   | Reached skill level 1 in Polearms
 24417 | Lair:6   | Got a faintly glowing pewter amulet
 24418 | Lair:6   | Identified the amulet "Loappymm" {Harm *Drain rF+ MP+9
                  | Int+4} (You found it on level 6 of the Lair of Beasts)
 24538 | Lair:6   | Reached ***** piety under Vehumet
 25240 | Lair:6   | Offered knowledge of Fireball by Vehumet.
 27583 | Lair:6   | Got a translucent glaive
 27584 | Lair:6   | Identified the cursed +0 glaive of Ironean {chop, rC+ MR+}
                  | (You found it on level 6 of the Lair of Beasts)
 27935 | Lair:1   | Killed Gastronok
 27935 | Lair:1   | Reached skill level 5 in Polearms
 28353 | D:11     | Learned a level 5 spell: Fireball
 29692 | D:12     | Reached XP level 14. HP: 111/111 MP: 10/28
 30662 | D:12     | Got a transparent dagger
 30663 | D:12     | Identified the +2 dagger of Departure {venom, *Drain rElec
                  | rPois Stlth+} (You found it on level 12 of the Dungeon)
 30685 | D:13     | Noticed Maurice
 30696 | D:13     | Killed Maurice
 30701 | D:13     | Noticed Rupert
 30713 | D:13     | Noticed Erolcha
 30724 | D:13     | Killed Erolcha
 30875 | D:13     | Offered knowledge of Bolt of Cold by Vehumet.
 30919 | D:13     | Killed Rupert
 31019 | D:13     | Identified the ring "Igutwin" {rC+ MP+9 Dex+6}
 31082 | D:13     | Found a roughly hewn altar of Beogh.
 31318 | D:13     | Found a flickering gateway to a bazaar.
 31330 | Bazaar   | Entered a bazaar
 31330 | Bazaar   | Found Hezyrch's Antique Armour Boutique.
 31330 | Bazaar   | Found Yfosunuk's General Store.
 31380 | Bazaar   | Found Mabbal's General Store.
 31388 | Bazaar   | Found Egemifoing's General Store.
 31415 | Bazaar   | Found Eschopag's Jewellery Shoppe.
 31437 | Bazaar   | Bought the ring of Salvation {Fire Slay+3} for 535 gold
                  | pieces
 31480 | Bazaar   | Bought a book of Air for 350 gold pieces
 32267 | D:14     | Reached skill level 1 in Armour
 32267 | D:14     | Reached skill level 10 in Air Magic
 32835 | D:14     | Offered knowledge of Bolt of Draining by Vehumet.
 33180 | Orc:1    | Entered Level 1 of the Orcish Mines
 33639 | Orc:1    | Found Zirus's Armour Emporium.
 33767 | Orc:2    | Entered Level 2 of the Orcish Mines
 34855 | Orc:2    | Found Doisiw's Distillery.
 34924 | Orc:2    | Found Zumynem's Magic Scroll Shop.
 35046 | Orc:2    | Reached ****** piety under Vehumet
 35832 | Orc:2    | Found a staircase to the Elven Halls.
 36006 | Orc:2    | Found Campex's Antique Weapon Shoppe.
 36125 | Orc:2    | Gained mutation: You are powered by pain. [demonic
                  | ancestry]
 36125 | Orc:2    | Reached XP level 15. HP: 111/119 MP: 14/29
 37458 | Orc:2    | Found Nuzo's Antique Armour Emporium.
 37458 | Orc:2    | Found a one-way gate leading to the halls of Pandemonium.
 37458 | Orc:2    | Found Ijokh's Gadget Shoppe.
 37502 | Orc:2    | Offered knowledge of Bolt of Magma by Vehumet.
 37832 | Orc:2    | Bought a glowing scarf for 248 gold pieces
 37832 | Orc:2    | Bought a pair of heavily runed gloves for 294 gold pieces
 37892 | Orc:2    | Identified the cursed +0 pair of gloves of Midnight {Int+4}
                  | (You bought it in a shop on level 2 of the Orcish Mines)
 38065 | D:14     | Found a gate to the Vaults.
 38392 | D:15     | Entered Level 15 of the Dungeon
 38875 | D:15     | Reached skill level 5 in Armour
 39972 | D:15     | Offered knowledge of Ozocubu's Refrigeration by Vehumet.
 40626 | D:15     | Found a staircase to the Depths.
 40678 | D:15     | Learned a level 5 spell: Lightning Bolt
 40782 | D:13     | Identified a scroll of acquirement
 40789 | D:13     | Got a pair of spiked boots
 40801 | D:13     | Identified the +2 pair of boots "Wilaotu" {rElec Regen+
                  | Int-2 SInv} (You acquired it on level 13 of the Dungeon)
 40979 | Spider:1 | Entered Level 1 of the Spider Nest
 40983 | Spider:1 | Paralysed by a hornet for 1 turns
 41522 | Spider:1 | Reached XP level 16. HP: 86/127 MP: 31/31
 41643 | Spider:1 | Reached skill level 10 in Polearms
 42137 | Spider:2 | Noticed Jorgrun
 43317 | Spider:2 | Killed Jorgrun
 43849 | Spider:2 | You fall into a shaft and drop 1 floor!
 43851 | Spider:3 | Noticed Kirke
 44256 | Spider:2 | Paralysed by a hornet for 3 turns
 44258 | Spider:2 | Offered knowledge of Orb of Destruction by Vehumet.
 44638 | Spider:3 | Killed Kirke
 45050 | Spider:4 | Entered Level 4 of the Spider Nest
 45088 | Spider:4 | Noticed Roxanne
 45250 | Spider:4 | Noticed Aizul
 45250 | Spider:4 | Noticed Arachne
 45790 | Spider:4 | Offered knowledge of Poison Arrow by Vehumet.
 45915 | Spider:4 | Gained mutation: You are completely covered in sharp
                  | spines. [demonic ancestry]
 45915 | Spider:4 | Reached XP level 17. HP: 131/135 MP: 33/33
 46585 | Spider:4 | Killed Arachne
 47404 | Spider:4 | Killed Aizul
 47658 | Spider:4 | Killed Roxanne
 47813 | Spider:4 | Got a gossamer rune of Zot
 48120 | Shoals:1 | Entered Level 1 of the Shoals
 48344 | Shoals:1 | Offered knowledge of Lehudib's Crystal Spear by Vehumet.
 48344 | Shoals:1 | Offered knowledge of Glaciate by Vehumet.
 48344 | Shoals:1 | Offered knowledge of Chain Lightning by Vehumet.
 48726 | Shoals:1 | Found Wiopn's Armour Boutique.
 48736 | Shoals:1 | Bought the +3 pair of gauntlets of War {Slay+5} for 760
                  | gold pieces
 48736 | Shoals:1 | Found the +3 pair of gauntlets of War {Slay+5}
 50491 | Shoals:3 | Found a runed translucent gate.
 50492 | Shoals:3 | Found a runed translucent gate.
 50494 | Shoals:3 | Noticed Bomoishrouc's ghost (journeyman GnSk)
 50496 | Shoals:3 | Found a runed translucent gate.
 50514 | Shoals:3 | Found the amulet of Vitality {Regen+ HP+15}
 50559 | Shoals:3 | Noticed Donald
 50575 | Shoals:3 | Killed Donald
 50644 | Shoals:3 | Noticed Polyphemus
 50662 | Shoals:3 | Hit by a large rock thrown by Polyphemus

Levels and vault maps discovered:
D:1:      dpeg_arrival_round_c, layout_loops_ring
D:2:      layout_loops_ring, hangedman_decor_points, uniq_robin, uniq_sigmund
D:3:      layout_loops_ring, first_ration, gammafunk_ghost_split,
          hangedman_decor_clover_reticule
D:4:      layout_basic, portal_sewer_entry_d
D:5:      layout_rooms, nicolae_sextant
D:6:      layout_loops_corners, old_standard_altar,
          nemelex_xobeh_ov_fountains_minmay, grunt_temple_overflow_cloverleaf,
          minmay_temple_entry_drinking_statues, serial_shops,
          nicolae_shop_waterfront
D:7:      layout_gridville, old_standard_altar, eat_drink_and_be_merry_uskayaw,
          uniq_duvessa
D:8:      layout_loops_ring, kiku_gazebo_pond_becter, basic_altar
D:9:      layout_gridville, due_lair_maze_entry_diamond, basic_altar,
          serial_shops, shop, uniq_harold
D:10:     layout_basic, zombieorc1_lemuel, hangedman_fish_farm,
          nrook_guardian_serpent_double
D:11:     layout_long_grid, due_unseen_surprise
D:12:     layout_roguey, evilmike_minifort
D:13:     layout_cave_pools, serial_shops, bzr_firewalk, special_room
          [special_room_orc], drop_trap, uniq_maurice, uniq_erolcha, uniq_rupert
D:14:     layout_roguey, grunt_vaults_entry_tiered
D:15:     grunt_enter_depths_magical_seal, layout_basic, serial_park_square3
          [serial_park_minivault_5x5_7], hangedman_batty
Lair:1:   cheibrodos_lair_river_kwai, layout_regular_city, basic_altar,
          uniq_gastronok
Lair:2:   minmay_lair_venomous_thicket, layout_regular_city, basic_altar,
          uniq_nergalle, uniq_fannar
Lair:3:   layout_small_grid, elwin_shoals_entry_stream,
          nicolae_spider_entry_tight_spaces
Lair:4:   layout_cave_shapes, hellmonk_ghost_happy_afterlife, minmay_holes,
          lemuel_fruit_fields
Lair:5:   layout_regular_city, dpeg_slime_entry_enclosed_altar,
          gammafunk_ghost_wrathful_warriors, grunt_megastairs_5
Lair:6:   gammafunk_lair_ancient_temple, layout_layer_cave, st_stairs_3
Shoals:1: layout_shoals, serial_shops, shop
Shoals:2: layout_shoals, st_sunken_huts
Shoals:3: layout_shoals, gammafunk_ghost_split, uniq_donald, uniq_polyphemus
Spider:1: layout_spider_delve, guppyfry_spider_mini_1
Spider:2: layout_spider_delve, uniq_jorgrun
Spider:3: layout_spider_delve, uniq_kirke
Spider:4: johnstein_spider_rune_arachne_lair, uniq_roxanne, uniq_aizul
Orc:1:    layout_caves, serial_shops, shop_fountains
Orc:2:    pf_orc_diabolical, layout_diamond_mine, serial_shops,
          nicolae_shop_trees, rock_pile

Skill      XL: |  1  2  3  4  5  6  7  8  9 10 11 12 13 14 15 16 17 |
---------------+----------------------------------------------------+-----
Conjurations   | 1 2 3 4 5 6 7 9 11 12 13 14 | 14.0
Fighting       | 1 2 3 4 5 6 7 8 9 10 11 12 14 | 14.0
Air Magic      | 1 2 3 5 6 7 8 9 10 12 14 | 14.1
Spellcasting   | 6 7 8 9 10 11 12 | 12.0
Dodging        | 1 3 5 7 |  7.7
Polearms       | 5 8 9 11 12 | 12.0
Armour         | 3 6 7 9 |  9.0
Throwing       | |  1.0
Charms         | |  1.0
Necromancy     | |  2.1
Evocations     | |  1.0

Action                   |  1- 3 |  4- 6 |  7- 9 | 10-12 | 13-15 | 16-18 || total
-------------------------+-------+-------+-------+-------+-------+-------++-------
Melee: Club              |     3 |       |       |       |       |       ||     3
       Dagger            |    17 |    12 |       |       |    18 |       ||    47
       Spear             |       |       |     9 |   239 |   436 |   260 ||   944
       Headbutt          |       |       |       |    47 |    88 |    46 ||   181
       Glaive            |       |       |       |       |       |     3 ||     3
 Cast: Magic Dart        |    93 |   153 |   319 |   490 |   126 |     7 ||  1188
       Call Imp          |     6 |    16 |     6 |    18 |     2 |       ||    48
       Mephitic Cloud    |       |     2 |    14 |    25 |    12 |     1 ||    54
       Summon Lightning  |       |       |    12 |    59 |    75 |    36 ||   182
       Conjure Flame     |       |       |     1 |    24 |    21 |       ||    46
       Blink             |       |       |       |     4 |     6 |     6 ||    16
       Summon Ice Beast  |       |       |       |    29 |    35 |    12 ||    76
       Conjure Ball Ligh |       |       |       |     6 |    42 |    79 ||   127
       Airstrike         |       |       |       |    13 |    90 |    51 ||   154
       Fireball          |       |       |       |       |   204 |   128 ||   332
       Lightning Bolt    |       |       |       |       |     2 |    28 ||    30
  Use: Scroll            |       |     4 |     8 |     7 |    22 |     5 ||    46
       Potion            |       |       |     7 |     1 |     7 |     8 ||    23
 Stab: Distracted        |     1 |       |       |     1 |     6 |     4 ||    12
       Invisible         |       |       |     1 |       |       |       ||     1
       Confused          |       |       |       |     2 |     1 |     1 ||     4
  Eat: Chunk             |     3 |     6 |    10 |    27 |    49 |    20 ||   115
       Ration            |       |     1 |     1 |     6 |    13 |     8 ||    29
Armor: Robe              |    18 |    18 |    33 |    27 |       |       ||    96
       Steam dragon scal |       |       |       |    80 |   143 |   248 ||   471
Dodge: Dodged            |    32 |    34 |    57 |   227 |   384 |   518 ||  1252
       Deflected         |       |       |       |       |     3 |       ||     3

Table legend:
 A = Non-vault XP
 B = Vault XP
 C = Vault XP percentage of total XP
 D = Non-vault monster count
 E = Vault monster count
 F = Vault count percentage of total count
                 A         B        C        D         E       F
            +---------+---------+-------+---------+---------+-------
      Total |  170555 |  112929 |  39.8 |     761 |     364 |  32.4
            +---------+---------+-------+---------+---------+-------
        D:1 |      37 |       0 |   0.0 |      21 |       0 |   0.0
        D:2 |      78 |      18 |  18.8 |      19 |       7 |  26.9
        D:3 |      40 |       0 |   0.0 |       7 |       0 |   0.0
        D:4 |     304 |      13 |   4.1 |      21 |       1 |   4.5
        D:5 |     650 |       0 |   0.0 |      24 |       0 |   0.0
        D:6 |     268 |       0 |   0.0 |      10 |       0 |   0.0
        D:7 |     937 |      57 |   5.7 |      24 |       1 |   4.0
        D:8 |    1347 |       0 |   0.0 |      23 |       0 |   0.0
        D:9 |     767 |    1448 |  65.4 |      19 |       9 |  32.1
       D:10 |    4479 |    1178 |  20.8 |      33 |      31 |  48.4
       D:11 |    1399 |       0 |   0.0 |      13 |       0 |   0.0
       D:12 |    3151 |    5728 |  64.5 |      20 |      12 |  37.5
       D:13 |    8368 |    3423 |  29.0 |      41 |      25 |  37.9
       D:14 |    9653 |    6323 |  39.6 |      19 |      25 |  56.8
       D:15 |   16243 |   12168 |  42.8 |      48 |      28 |  36.8
     Lair:1 |    2511 |    3698 |  59.6 |      16 |       8 |  33.3
     Lair:2 |    1095 |    2111 |  65.8 |       5 |      12 |  70.6
     Lair:3 |    5068 |    2839 |  35.9 |      20 |      12 |  37.5
     Lair:4 |    4991 |     639 |  11.3 |      27 |       2 |   6.9
     Lair:5 |    6320 |    1527 |  19.5 |      27 |       5 |  15.6
     Lair:6 |    8595 |    8395 |  49.4 |      29 |      26 |  47.3
   Shoals:1 |   14635 |       0 |   0.0 |      36 |       0 |   0.0
   Shoals:2 |   10870 |    4444 |  29.0 |      25 |       9 |  26.5
   Shoals:3 |    4282 |    1442 |  25.2 |       7 |       1 |  12.5
   Spider:1 |    9759 |    1795 |  15.5 |      31 |       7 |  18.4
   Spider:2 |   20999 |    3096 |  12.8 |      68 |       1 |   1.4
   Spider:3 |   14805 |    4132 |  21.8 |      39 |      11 |  22.0
   Spider:4 |   13378 |   30302 |  69.4 |      43 |      54 |  55.7
      Orc:1 |    1969 |       0 |   0.0 |      14 |       0 |   0.0
      Orc:2 |    3557 |   18059 |  83.5 |      32 |      71 |  68.9
      Sewer |       0 |      94 | 100.0 |       0 |       6 | 100.0
            +---------+---------+-------+---------+---------+-------
